 Dungeon Crawl Stone Soup version 0.28.0-43-g3370ac3207 (webtiles) character file.

Game seed: 3790525857258834053

5113 crimpus the Basher (level 10, -2/65 HPs)
             Began as a Gargoyle Berserker on Mar 14, 2022.
             Was a Priest of Trog.
             Killed by nerve-wracking pain
             ... invoked by an orc priest
              (4 damage)
             ... on level 9 of the Dungeon.
             The game lasted 00:11:46 (9453 turns).

crimpus the Basher (Gargoyle Berserker)             Turns: 9453, Time: 00:11:46

Health: -2/65      AC: 30    Str: 24    XL:     10   Next: 58%
Magic:  10/10      EV:  7    Int:  9    God:    Trog [***...]
Gold:   369        SH:  0    Dex:  9    Spells: 9/9 levels left

rFire   . . .      SeeInvis +   a - +0 mace (venom)
rCold   . . .      Faith    +   (no shield)
rNeg    + . .      Spirit   .   i - +4 plate armour {ponderous}
rPois   ∞          Reflect  .   n - +2 helmet
rElec   +          Harm     .   (no cloak)
rCorr   .          Rampage  .   f - +0 pair of gloves
Will    .....      Clarity  +   (no boots)
Stlth   ..........              c - amulet of faith
HPRegen 0.20/turn               h - ring of see invisible
MPRegen 0.12/turn               (no ring)

@: on berserk cooldown, slowed, very slow
A: sickness immunity, AC +7, negative energy resistance 1, electricity
resistance, torment resistance 1, petrification resistance, clarity, sense
surroundings 1
a: Renounce Religion, Berserk, Trog's Hand


You were on level 9 of the Dungeon.
You worshipped Trog.
Trog was most pleased with you.
You visited 1 branch of the dungeon, and saw 9 of its levels.

You collected 369 gold pieces.

Inventory:

Hand Weapons
 a - a +0 mace of venom (weapon)
Armour
 f - a +0 pair of gloves (worn)
 i - a +4 plate armour of ponderousness (worn)
 n - a +2 helmet (worn)
Jewellery
 b - a ring of flight
 c - an amulet of faith (around neck)
 d - a ring of magical power
 g - a ring of magical power
 h - a ring of see invisible (left hand)
 l - a ring of magical power
Wands
 j - a wand of digging (3)
 r - a wand of flame (18)
 u - a wand of paralysis (4)
Scrolls
 e - 2 scrolls of amnesia
 k - a scroll of noise
 o - a scroll of identify
 p - a scroll of enchant armour
 t - 2 scrolls of teleportation
Potions
 m - a potion of magic
 q - a potion of berserk rage
 v - a potion of flight


   Skills:
 + Level 8.4 Fighting
 + Level 11.3 Maces & Flails
 + Level 9.2 Armour
 - Level 1.7 Dodging


You had 9 spell levels left.
You didn't know any spells.
Your spell library was empty.

Dungeon Overview and Level Annotations

Branches:
Dungeon (9/15)             Temple (0/1) D:7
   Lair: D:8-11         Orc: D:9-12

Altars:
Qazlal


Innate Abilities, Weirdness & Mutations

You are immune to sickness and miasma.
Your stone body is resilient. (AC +7)
You are immune to poison.
You resist negative energy. (rN+)
You are resistant to electric shocks. (rElec)
You are resistant to unholy torment.
You are immune to petrification.
You possess an exceptional clarity of mind.
You passively map a small area around you.


Message History

The howler monkey hits you.
* * * LOW HITPOINT WARNING * * *
Items here: ))) [.
You miss the water moccasin.
The orc priest casts a cantrip, but nothing happens.
The water moccasin bites you but does no damage.
You sock the water moccasin!
The water moccasin is heavily wounded.
The water moccasin bites you but does no damage.
You sock the water moccasin!
The water moccasin is poisoned.
The water moccasin is severely wounded.
The water moccasin bites you but does no damage.
You sock the water moccasin!
You kill the water moccasin!
Trog accepts your kill.
You are no longer berserk.
You are exhausted.
You feel yourself slow down.
The orc priest looks satisfied for a moment.
The howler monkey barely misses you.
The orc priest calls down the wrath of Beogh upon you.
Beogh smites you!
* * * LOW HITPOINT WARNING * * *
The howler monkey hits you but does no damage.
There is an open door, spattered with blood here.
Things that are here:
a +0 short sword; a +0 mace The howler monkey hoots and howls with incredible vigour!
The orc priest calls down the wrath of Beogh upon you.
Pain shoots through your body!
* * * LOW HITPOINT WARNING * * *
The howler monkey hoots and howls with incredible vigour!
You hear an angry hiss. x2; You hear a bellow! x2
Items here: ))) [.
You hit the orc priest.
The orc priest looks as sick as possible!
The orc priest is severely wounded.
The orc priest invokes the aid of Beogh against you.
Pain shoots through your body!
You die...

##
################################.
...........................))))).
################.###############.
#.# #. #@# #. #o# * #. *
*#...h...# #. #..........# ###.
#..........# #######...
#..........# #.........
#......>...# #......... *
#...###.#### #......... ** #...
#.# ##########


You could see a howler monkey and an orc priest (extremely poisoned).

Vanquished Creatures
  A two-headed ogre (D:9)
  A centaur zombie (D:6)
  Joseph (D:9)
  A kobold demonologist (D:9)
  Sigmund (D:2)
  A wraith (D:7)
  A steam dragon (D:8)
  A water moccasin (D:9)
  Duvessa (D:5)
  4 orc warriors
  A necrophage (D:6)
  2 sky beasts
  3 ice beasts
  3 ogres
  2 centaurs (D:7)
  4 kobold brigands
  3 bullfrogs
  2 scorpions
  2 wyvern zombies
  A wyvern skeleton (D:7)
  Dowan (D:5)
  A water moccasin skeleton (D:6)
  3 wights (D:8)
  3 howler monkeys
  3 orc priests
  4 centaur skeletons
  Jessica (D:2)
  A bullfrog skeleton (D:6)
  2 iguanas
  3 orc wizards
  4 adders
  A worm (D:2)
  21 orcs
  6 endoplasms
  6 goblins
  4 hobgoblins
  A jackal (D:3)
  3 quokkas
  5 ball pythons
  2 bats (D:1)
  2 frilled lizards
  21 kobolds
  2 rats
136 creatures vanquished.

Vanquished Creatures (others)
  An orc (D:8)
  2 bushes (D:9)
  5 fungi (D:9)
  21 plants (D:9)
29 creatures vanquished.

Grand Total: 165 creatures vanquished

Notes
Turn   | Place    | Note
-------+----------+-------------------------------------------
     0 | D:1      | crimpus the Gargoyle Berserker began the quest for the Orb.
     0 | D:1      | Reached XP level 1. HP: 14/14 MP: 1/1
   391 | D:1      | Reached XP level 2. HP: 19/19 MP: 2/2
  1253 | D:2      | Noticed Jessica
  1257 | D:2      | Killed Jessica
  1258 | D:2      | Reached XP level 3. HP: 24/24 MP: 3/3
  1263 | D:2      | Reached ** piety under Trog
  1322 | D:2      | Noticed Sigmund
  1332 | D:2      | Killed Sigmund
  1333 | D:2      | Reached skill level 5 in Maces & Flails
  1333 | D:2      | Reached XP level 4. HP: 30/30 MP: 4/4
  1333 | D:2      | Reached XP level 5. HP: 34/34 MP: 5/5
  1614 | D:2      | Reached XP level 6. HP: 28/40 MP: 6/6
  2430 | D:4      | Noticed an ice beast
  2438 | D:4      | Killed an ice beast
  2439 | D:4      | Reached skill level 5 in Fighting
  2616 | D:4      | Reached skill level 6 in Maces & Flails
  2998 | D:4      | Found a stormy altar of Qazlal.
  2998 | D:4      | Noticed a water elemental
  3007 | D:4      | Noticed an air elemental
  3117 | D:4      | Noticed a fire elemental
  3210 | D:5      | Entered Level 5 of the Dungeon
  3229 | D:5      | Reached XP level 7. HP: 39/44 MP: 7/7
  3995 | D:5      | Identified the +3 dagger of Kismet {venom, rPois Stlth+}
  4025 | D:5      | Reached skill level 7 in Maces & Flails
  4045 | D:5      | Noticed Duvessa
  4164 | D:5      | Reached XP level 8. HP: 45/51 MP: 8/8
  4426 | D:5      | Noticed Dowan
  4439 | D:5      | Killed Duvessa
  4441 | D:5      | Killed Dowan
  4741 | D:6      | Reached skill level 8 in Maces & Flails
  4741 | D:6      | Reached skill level 5 in Armour
  5920 | D:6      | Reached skill level 9 in Maces & Flails
  5920 | D:6      | Reached XP level 9. HP: 49/56 MP: 9/9
  7002 | D:7      | Found a staircase to the Ecumenical Temple.
  7285 | D:7      | Reached skill level 10 in Maces & Flails
  7814 | D:8      | Reached *** piety under Trog
  8198 | D:8      | Identified the +1 robe of Kagram {rElec rF+ Will+}
  8316 | D:8      | Reached XP level 10. HP: 61/64 MP: 10/10
  8936 | D:8      | Gained mutation: You possess an exceptional clarity of
                  | mind. [potion of mutation]
  8936 | D:8      | Gained mutation: You passively map a small area around you.
                  | [potion of mutation]
  9080 | D:9      | Noticed Joseph
  9089 | D:9      | Killed Joseph
  9197 | D:9      | Noticed a kobold demonologist
  9219 | D:9      | Noticed a smoke demon
  9220 | D:9      | Killed a kobold demonologist
  9423 | D:9      | Noticed a two-headed ogre
  9435 | D:9      | Reached skill level 11 in Maces & Flails
  9440 | D:9      | Killed a two-headed ogre
  9452 | D:9      | HP: 2/65 [orc priest/nerve-wracking pain (4)]
  9453 | D:9      | Killed from afar by an orc priest

Illustrated notes

Levels and vault maps discovered:
D:1:      giann_horns, layout_loops_corners, minmay_tromino_v4_c
D:2:      layout_rooms, uniq_jessica, uniq_sigmund
D:3:      layout_rooms, grunt_decor_resistance, chequers_serial_rivers_small_3,
          kennysheep_generic_room_9
D:4:      layout_basic, nicolae_qazlal_style_of_elements
D:5:      layout_loops_ring, serial_park_tiny_pond, uniq_duvessa
D:6:      layout_rooms
D:7:      nicolae_cairo_tiling_large_dashed, layout_basic, temple_statues
D:8:      layout_basic, serial_curves, eino_curves_03, eino_curves_03
D:9:      layout_basic, minmay_lair_entry_grove, uniq_joseph, uniq_erica

Skill      XL: |  1  2  3  4  5  6  7  8  9 10 |
---------------+-------------------------------+-----
Fighting       | 4 5 6 7 8 |  8.4
Maces & Flails | 5 6 7 9 10 11 | 11.3
Armour         | 3 4 6 8 9 |  9.2
Dodging        | |  1.7

Action                   |  1- 3 |  4- 6 |  7- 9 | 10-12 || total
-------------------------+-------+-------+-------+-------++-------
Melee: Mace              |    54 |    75 |   333 |   108 ||   570
       Punch             |       |       |     2 |     3 ||     5
Invok: Berserk           |     2 |     4 |    11 |     3 ||    20
       Trog's Hand       |       |       |       |     1 ||     1
  Use: Potion            |       |     9 |     1 |     3 ||    13
       Scroll            |       |     4 |     5 |       ||     9
Armor: Animal skin       |    15 |       |       |       ||    15
       Robe              |       |    11 |       |       ||    11
       Chain mail        |       |    30 |       |       ||    30
       Plate armour      |       |       |   266 |    57 ||   323
Dodge: Dodged            |    26 |    33 |   100 |    24 ||   183
